 Dungeon Sprint DCSS version 0.17-a0-1446-gc28613e (webtiles) character file.

113 esc the Covert (level 4, -8/30 HPs)
             Began as a Vampire Enchanter on June 28, 2015.
             Engulfed by Sigmund's steam (11 damage)
             ... in the Dungeon (Sprint I: "Red Sonja").
             The game lasted 00:01:35 (271 turns).

esc the Covert (Vampire Enchanter)                   Turns: 271, Time: 00:01:35

Health: -8/30      AC:  3    Str:  7    XL:     4   Next: 65%
Magic:  5/7        EV: 12    Int: 18    God:
Gold:   54         SH:  0    Dex: 14    Spells: 2 memorised, 4 levels left

rFire  . . .     SeeInvis +     a - +1 dagger
rCold  . . .     Clarity  .     b - +1 robe
rNeg   + . .     SustAt   .     (no shield)
rPois  .         Gourm    .     (no helmet)
rElec  .         Spirit   .     (no cloak)
rCorr  .         Warding  .     (no gloves)
rMut   .         NoTele   +     (no boots)
MR     .....                    (no amulet)
Stlth  +++++.....               (no ring)
                                (no ring)

@: not resistant to hostile enchantments, quite stealthy
A: fangs 3, see invisible, unbreathing
a: Bat Form


You were in the Dungeon.
You were not thirsty.

You visited 1 branch You collected 54 gold pieces.

Inventory:

Hand weapons
 a - a +1 dagger (weapon)
Armour
 b - a +1 robe (worn)
Scrolls
 j - a scroll of blinking {!r}
Potions
 d - a potion of blood {@q1}
 e - a potion of curing
 f - a potion of heal wounds
 g - a potion of haste
 h - a potion of magic
 i - a potion of berserk rage {!q}
Books
 c - a book of Maledictions


   Skills:
 - Level 1.1 Short Blades
 - Level 2.1 Dodging
 + Level 10.9 Stealth
 - Level 2.0 Spellcasting
 + Level 10.3 Hexes


You had 4 spell levels left.
You knew the following spells:

 Your Spells              Type           Power        Failure   Level  Hunger
a - Ensorcelled Hibernat  Hex/Ice        ###...       3%          2    ###....
v - Corona                Hex            #####..      1%          1    #......


Dungeon Overview and Level Annotations

Branches:
Dungeon (1/1)

Altars:

Annotations:
D Sigmund


Innate Abilities, Weirdness & Mutations

You have razor-sharp teeth.
You have supernaturally acute eyesight.
You can survive without breathing.


Message History

Welcome, esc the Vampire Enchanter.
Found a staircase leading out of the dungeon.
You open the door.
Ijyb the Twisted Goblin comes into view.
There is an open door here.
The helpless Ijyb fails to defend himself.
You impale Ijyb!!
Aim: Ijyb (severely wounded, chance to defeat MR: 62%) Ijyb is outlined in light.
Ijyb hits you.
You take 3 damage, and have 10/13 hp.
MASSIVE DAMAGE!!
You now have 2/3 mp.
You barely miss Ijyb. Ijyb barely misses you.
You hit Ijyb. You bite Ijyb, but do no damage. Ijyb hits you.
You take 4 damage, and have 6/13 hp.
MASSIVE DAMAGE!!
You closely miss Ijyb. Ijyb hits you but does no damage.
You hit Ijyb but do no damage. Ijyb hits you.
You take 2 damage, and have 4/13 hp.
You hit Ijyb. Ijyb misses you.
You hit Ijyb. Ijyb closely misses you.
You hit Ijyb.
You kill Ijyb!
Your Stealth skill gained 3 levels and is now at level 7!
Your Hexes skill gained 3 levels and is now at level 7!
You have reached level 2!
Memorise Ensorcelled Hibernation, consuming 2 spell levels and leaving 2?
You start memorising the spell.
You continue memorising.
You continue memorising.
You finish memorising.
Spell assigned to 'a'.
You start resting.
Health restored: 19; MP restored: 5 You open the door.
An ogre comes into view. It is wielding a giant club.
There is an open door here.
The helpless ogre fails to defend itself.
You impale the ogre!!
You kill the ogre!
Your Stealth skill gained 3 levels and is now at level 10!
Your Hexes skill gained 3 levels and is now at level 10!
You have reached level 3!
Your experience leads to an increase in your attributes!
Increase (S)trength, (I)ntelligence, or (D)exterity?
You feel clever.
You can now transform into a vampire bat.
You have reached level 4!
Health restored: 30; MP restored: 7 You open the door.
There is an open door here.
You now have 27 gold pieces.
You now have 54 gold pieces (gained 27).
There is an open door here.
As you open the door, it creaks loudly!
Sigmund the Dreaded comes into view.
He is wielding a scythe.
Sigmund shouts!
You don't know that spell.
Okay, then.
Aim: Sigmund, wielding a scythe and wearing a glowing robe (chance to defeat MR: 59%) Sigmund resists with almost no effort.
Sigmund closely misses you.
You now have 5/7 mp.
Aim: Sigmund, wielding a scythe and wearing a glowing robe (chance to defeat MR: 59%) Sigmund resists with almost no effort.
Sigmund misses you.
You now have 3/7 mp.
Aim: Sigmund, wielding a scythe and wearing a glowing robe (chance to defeat MR: 59%) Sigmund resists with almost no effort.
You now have 1/7 mp.
Sigmund casts a spell at you. You resist with some effort.
Sigmund laughs darkly.
Sigmund casts a spell.
Sigmund flickers and vanishes for a moment.
There is an open door here.
There is an open door here.
Aim: Sigmund, wielding a scythe and wearing a glowing robe (slightly transparent, chance to defeat MR: 59%) Sigmund resists with almost no effort.
Sigmund hits you from afar with a scythe.
You take 6 damage, and have 24/30 hp.
You now have 0/7 mp.
Sigmund casts a spell at you. The puff of flame hits you!
There is a fountain of clear blue water here.
You take 12 damage, and have 12/30 hp.
MASSIVE DAMAGE!!
Drink which item? (? for menu, Esc to quit)
Magic courses through your body.
You are engulfed in a cloud of scalding steam.
* * * LOW HITPOINT WARNING * * *
You take 9 damage, and have 3/30 hp.
MASSIVE DAMAGE!!
MP restored: 7
Aim: Sigmund, wielding a scythe and wearing a glowing robe (steam, slightly transparent, chance to defeat MR: 59%) Sigmund resists with almost no effort.
You are engulfed in a cloud of scalding steam.
You die...

#############
#<.#..@..#..+
#..'..#.)'@.#
#..#####'####
#..# #..#
#.@# ####
#§§# #§@#
####


You could see Sigmund (invisible).

Vanquished Creatures
  An ogre (D)
  Ijyb (D)
2 creatures vanquished.

Notes
Turn   | Place    | Note
--------------------------------------------------------------
     0 | D        | esc the Vampire Enchanter began the quest for the Orb.
     0 | D        | Reached XP level 1. HP: 13/13 MP: 3/3
     1 | D        | Noticed Ijyb
    12 | D        | Killed Ijyb
    12 | D        | Reached skill level 7 in Stealth
    12 | D        | Reached skill level 7 in Hexes
    12 | D        | Reached XP level 2. HP: 5/19 MP: 3/5
    16 | D        | Learned a level 2 spell: Ensorcelled Hibernation
   243 | D        | Noticed an ogre
   245 | D        | Killed an ogre
   245 | D        | Reached skill level 10 in Stealth
   245 | D        | Reached skill level 10 in Hexes
   245 | D        | Reached XP level 3. HP: 24/24 MP: 6/6
   245 | D        | Reached XP level 4. HP: 30/30 MP: 7/7
   253 | D        | Noticed Sigmund
   270 | D        | HP: 3/30 [Sigmund] (9)]
   271 | D        | Engulfed by Sigmund's steam

Vault maps used:
D:        dungeon_sprint_1

Action                   |  1- 3 |  4- 6 || total
-------------------------+-------+-------++-------
Melee: Dagger            |     9 |       ||     9
 Cast: Corona            |     1 |       ||     1
       Ensorcelled Hiber |       |     5 ||     5
  Use: Potion            |       |     1 ||     1
 Stab: Sleeping          |     2 |       ||     2

Vault maps used:
D:        dungeon_sprint_1

Table legend:
 A = Turns spent in this place as a percentage of turns spent in the entire game.
 B = Non-inter-level travel turns spent in this place as a percentage of non-inter-level travel turns spent in the entire game.
 C = Inter-level travel turns spent in this place as a percentage of turns spent in this place.
 D = Turns resting spent in this place as a percentage of non-inter-level travel turns spent in this place.
 E = Turns spent auto-exploring this place as a percentage of non-inter-level travel turns spent in this place.
 F = Non-inter-level travel turns spent in this place divided by the number of levels of this place that you've seen.
                   A       B       C       D       E      F
               +-------+-------+-------+-------+-------+----------------------
         Total | 100.0 | 100.0 |   0.0 |   4.3 |   0.0 |  47.0
       Dungeon | 100.0 | 100.0 |   0.0 |   4.3 |   0.0 |  47.0
               +-------+-------+-------+-------+-------+----------------------

Table legend:
 A = Kills in this place as a percentage of kills in entire the game.
 B = Kills by you in this place as a percentage of kills by you in the entire game.
 C = Kills by friends in this place as a percentage of kills by friends in the entire game.
 D = Other kills in this place as a percentage of other kills in the entire game.
 E = Experience gained in this place as a percentage of experience gained in the entire game.
 F = Experience gained in this place divided by the number of levels of this place that you have seen.
                   A       B       C       D       E      F
               +-------+-------+-------+-------+-------+----------------------
         Total | 100.0 | 100.0 |  -nan |  -nan | 100.0 | 162.0
       Dungeon | 100.0 | 100.0 |  -nan |  -nan | 100.0 | 162.0
               +-------+-------+-------+-------+-------+----------------------
